[Event "Titled Tuesday Blitz August 16 Early 2022"]
[White "Ferriz Barrios, Andres"]
[Black "Gonzalez Vega, Alejandro"]
[WhiteFideId "5104467"]
[BlackFideId "3510042"]
[WhiteElo "2102"]
[BlackElo "2092"]
[Result "1/2-1/2"]
[Round "06"]
[TimeControl "180+2"]
[Date "2022.08.18"]
[WhiteClock "0:00:00"]
[BlackClock "0:00:00"]

1. d4 d5 2. Nf3 Nf6 3. e3 c5 4. c3 Nc6 5. Bd3 Bg4 6. Nbd2 e6 7. h3 Bh5 8. Be2 Be7 9. Ne5 Bxe2 10. Qxe2 cxd4 11. exd4 Nxe5 12. dxe5 Nd7 13. f4 Bh4+ 14. Kf1 g6 15. Kg1 h5 16. Kh2 Qb6 17. Nf3 Be7 18. Be3 Bc5 19. Bxc5 Nxc5 20. Qf2 Ne4 21. Qxb6 axb6 22. Nd4 h4 23. Nb5 Ke7 24. a3 Rhc8 25. Nd4 Rc4 26. Rhe1 Ng3 27. Re3 Ra5 28. Rd1 Nf5 29. Nxf5+ gxf5 30. g3 hxg3+ 31. Kxg3 Rb5 32. Rd2 Rc8 33. Kf2 Rh8 34. Rg3 Rc5 35. Kf3 Rc4 36. Rd4 Rc5 37. Ke3 Rh4 38. Rb4 Rc6 39. Rf3 Rh5 40. Kd4 Rh4 41. c4 dxc4 42. Rxc4 f6 43. Rxc6 bxc6 44. b4 fxe5+ 45. Kxe5 Kf7 46. Rc3 c5 47. bxc5 bxc5 48. Rxc5 Rxh3 49. Rc7+ Ke8 50. a4 Re3+ 51. Kf6 Re4 52. a5 Kd8 53. Rb7 Rxf4 54. Kxe6 Ra4 55. Rb5 f4 56. Rf5 Kc7 57. Kf6 Kb7 58. Kg5 Ka6 59. Rf8 Rxa5+ 60. Kxf4 Ra4+ 61. Ke3 Kb5 62. Kd3 Ra3+ 63. Kc2 Re3 64. Rb8+ Kc6 65. Rc8+ Kd7 66. Rh8 Re6 67. Rh3 Rd6 68. Kb2 Kc6 69. Kb3 Kb6 70. Kb4 Rc6 71. Rh5 Kc7 72. Kb5 Rb6+ 73. Ka5 Rc6 74. Kb5 Rd6 75. Kc5 Rd7 76. Rh6 Rg7 77. Rc6+ Kd7 78. Ra6 Ke7 79. Kd5 Rg5+ 80. Ke4 Rg4+ 81. Kf5 Rd4 82. Ke5 Rd7 83. Re6+ Kf7 84. Ra6 Re7+ 85. Kf5 Rb7 86. Rf6+ Kg7 87. Ra6 Rb5+ 88. Kg4 Rb4+ 89. Kg5 Rb5+ 90. Kg4 Rb4+ 91. Kf5 Rb5+ 92. Ke6 Rb7 93. Kd5 Rf7 1/2-1/2


[Site "https://www.chess.com"]

[Event "Titled Tuesday Blitz August 16 Early 2022"]
[White "Fier, Alexandr"]
[Black "Vovk, Orest"]
[WhiteFideId "2107139"]
[BlackFideId "14113490"]
[WhiteElo "2598"]
[BlackElo "2203"]
[Result "0-1"]
[Round "06"]
[TimeControl "180+1"]
[Date "2022.08.16"]
[WhiteClock "0:00:06"]
[BlackClock "0:00:06"]

1. b3 Nf6 2. Bb2 Rg8 3. h4 h6 4. h5 d5 5. e3 Nc6 6. Nf3 Bg4 7. Rh4 Qd7 8. Bb5 g5 9. hxg6 Rxg6 10. Kf1 a6 11. Be2 O-O-O 12. b4 h5 13. b5 axb5 14. Bxb5 Qf5 15. Nc3 e5 16. Bxc6 bxc6 17. Qe2 Kd7 18. d3 Rb8 19. e4 Bxf3 20. exf5 Bxe2+ 21. Nxe2 Rg4 22. Rxg4 Nxg4 23. Bc3 Bc5 24. d4 exd4 25. Nxd4 Bxd4 26. Bxd4 Nh6 27. f6 Nf5 28. Bc3 d4 29. Bd2 Rb2 30. Ke2 Rxc2 31. Kd3 Rb2 32. a4 c5 33. a5 Nd6 34. Bc1 Rb3+ 35. Kc2 Rb8 36. a6 Kc6 37. Bf4 Ra8 38. f3 Kb6 39. Rb1+ Kxa6 40. g4 hxg4 41. fxg4 Rg8 42. g5 Ne4 43. Kd3 Nd6 44. Rg1 Kb5 45. Rh1 Kc6 46. Rh7 Rf8 47. Rh5 Kd7 48. Rh1 Ke6 49. Rc1 Kd5 50. Re1 c4+ 51. Kc2 Ne4 52. Ra1 d3+ 53. Kd1 Rh8 54. Kc1 Rh1+ 55. Kb2 Rxa1 56. Kxa1 d2 57. Bxd2 Ke6 58. Bf4 Kf5 59. Bxc7 Nxg5 60. Kb2 Ne4 61. Bd8 Ke6 62. Kc2 Kd5 63. Be7 Nc5 64. Kc3 Nd7 65. Bd8 Ne5 66. Kb4 Nc6+ 67. Kc3 Nxd8 68. Kc2 Ne6 0-1


[Site "https://www.chess.com"]

[Event "Titled Tuesday Blitz August 16 Early 2022"]
[White "Fiorito, Joaquin"]
[Black "Nugumanov, Bakhtiyar"]
[WhiteFideId "180173"]
[BlackFideId "13701797"]
[WhiteElo "2271"]
[BlackElo "2370"]
[Result "0-1"]
[Round "06"]
[TimeControl "180+2"]
[Date "2022.08.18"]
[WhiteClock "0:00:00"]
[BlackClock "0:00:00"]

1. e4 d6 2. d4 Nf6 3. Nc3 g6 4. f4 Bg7 5. Nf3 O-O 6. Bd3 Nc6 7. O-O e5 8. fxe5 dxe5 9. d5 Ne7 10. Ne2 c6 11. c4 cxd5 12. cxd5 Nexd5 13. exd5 e4 14. Bc4 exf3 15. Rxf3 Bg4 16. Rf2 Rc8 17. Bb3 Ne4 18. Be3 Nxf2 19. Bxf2 Re8 0-1


[Site "https://www.chess.com"]

[Event "Titled Tuesday Blitz August 16 Early 2022"]
[White "Floresvillar Gonzalez, Luis Migu"]
[Black "Zaksaite, Salomeja"]
[WhiteFideId "5100542"]
[BlackFideId "12801496"]
[WhiteElo "2120"]
[BlackElo "2212"]
[Result "1-0"]
[Round "06"]
[TimeControl "180+2"]
[Date "2022.08.18"]
[WhiteClock "0:00:00"]
[BlackClock "0:00:00"]

1. d4 Nf6 2. c3 d5 3. Bg5 g6 4. Nd2 Bg7 5. e3 O-O 6. Bd3 b6 7. Qe2 Bb7 8. h4 c5 9. Ngf3 cxd4 10. exd4 Nbd7 11. O-O e6 12. Ne5 h6 13. Bf4 Nh5 14. Bg3 Nxg3 15. fxg3 Nxe5 16. dxe5 d4 17. c4 Qc7 18. Rae1 a6 19. b3 b5 20. cxb5 axb5 21. Nf3 Qb6 22. Kh2 Rfd8 23. Bxb5 Ra5 24. a4 d3 25. Bxd3 Qxb3 26. Bb5 Raa8 27. Rf2 Rd5 28. Bc4 Qxa4 29. Bxd5 Bxd5 30. h5 gxh5 31. Qf1 Qg4 32. Nh4 Ra3 33. Nf3 h4 34. gxh4 Bxf3 35. Rxf3 Qxh4+ 36. Rh3 Rxh3+ 37. gxh3 1-0


[Site "https://www.chess.com"]

[Event "Titled Tuesday Blitz August 16 Early 2022"]
[White "Gabdrakhmanov, Azat"]
[Black "Martic, Ivan"]
[WhiteFideId "34189197"]
[BlackFideId "929301"]
[WhiteElo "2319"]
[BlackElo "2264"]
[Result "1-0"]
[Round "06"]
[TimeControl "180+2"]
[Date "2022.08.18"]
[WhiteClock "0:00:00"]
[BlackClock "0:00:00"]

1. e4 c5 2. Nf3 Nc6 3. d4 cxd4 4. Nxd4 e5 5. Nb5 a6 6. Nd6+ Bxd6 7. Qxd6 Qf6 8. Qd1 Qg6 9. Nc3 Nge7 10. Be3 d5 11. Nxd5 Nxd5 12. Qxd5 Be6 13. Qc5 Qxe4 14. O-O-O Nb4 15. Bd3 Nxa2+ 16. Kb1 Qb4 17. Qxe5 O-O 18. Bd4 f6 19. Qxe6+ Kh8 20. c3 Qa4 21. Qxa2 1-0


[Site "https://www.chess.com"]

[Event "Titled Tuesday Blitz August 16 Early 2022"]
[White "Gheorghiu, Calin"]
[Black "Tologon tegin, Semetei"]
[WhiteFideId "1200305"]
[BlackFideId "13800574"]
[WhiteElo "2168"]
[BlackElo "2174"]
[Result "1-0"]
[Round "06"]
[TimeControl "180+2"]
[Date "2022.08.18"]
[WhiteClock "0:00:00"]
[BlackClock "0:00:00"]

1. d4 e6 2. Nc3 b6 3. e4 Bb7 4. a3 c5 5. d5 exd5 6. exd5 Nf6 7. Nf3 Bd6 8. Nb5 Qe7+ 9. Be2 a6 10. Nxd6+ Qxd6 11. c4 O-O 12. O-O Qc7 13. b3 d6 14. Bb2 Nbd7 15. Bd3 Rfe8 16. Qd2 Ne5 17. Nxe5 dxe5 18. Rae1 Nd7 19. Qg5 f6 20. Qh4 Nf8 21. Re3 Bc8 22. Rg3 Qd6 23. f4 e4 24. Bxf6 Ng6 25. Rxg6 hxg6 26. Be5 Rxe5 27. fxe5 Qxe5 28. Qxe4 Qxe4 29. Bxe4 Bf5 30. Bxf5 gxf5 31. Rxf5 Re8 32. Kf2 b5 33. Rf4 bxc4 34. bxc4 Rb8 35. Rf3 Rb2+ 36. Kg3 Rc2 37. Rd3 Rb2 38. d6 Rb8 39. d7 Rd8 40. Kf4 Kf7 41. g4 Ke7 42. h4 Rf8+ 43. Ke5 Kd8 44. g5 Rf2 45. Kd6 Rf4 46. Kxc5 Rxh4 47. Rd5 Rh3 48. Kc6 Rc3 49. c5 Re3 50. Kb7 Rb3+ 51. Ka7 Rxa3 52. c6 Rc3 53. Kb6 Rb3+ 54. Kxa6 Rc3 55. Kb6 Rb3+ 56. Rb5 Rc3 57. Rc5 Rb3+ 58. Ka5 Kc7 59. Ka4 Rb8 60. Ka5 Ra8+ 61. Kb4 Rf8 62. Kc4 Rf4+ 63. Kd5 Rf5+ 64. Kd4 Rf4+ 65. Ke5 Rf1 66. Ke6 Re1+ 67. Kf7 Rf1+ 68. Kxg7 Rd1 69. g6 Kb6 70. Rc2 Kc7 71. Kg8 Rd6 72. g7 Rd1 73. Rc4 Rd2 74. Kf7 Rd1 75. g8=Q Rf1+ 76. Ke6 Re1+ 77. Kd5 Rd1+ 78. Rd4 Rc1 79. Qc8+ 1-0


[Site "https://www.chess.com"]

[Event "Titled Tuesday Blitz August 16 Early 2022"]
[White "Girinath, P.D.S."]
[Black "Sovetbekova, Nurai"]
[WhiteFideId "5000572"]
[BlackFideId "13801910"]
[WhiteElo "2311"]
[BlackElo "1912"]
[Result "1-0"]
[Round "06"]
[TimeControl "180+2"]
[Date "2022.08.18"]
[WhiteClock "0:00:00"]
[BlackClock "0:00:00"]

1. e4 c5 2. Nf3 d6 3. Bb5+ Nd7 4. O-O a6 5. Bxd7+ Bxd7 6. d4 cxd4 7. Qxd4 Nf6 8. c4 g6 9. Nc3 Bg7 10. Bg5 O-O 11. Qd2 Bc6 12. Rfe1 Qb6 13. Rad1 Rac8 14. b3 Qc7 15. Bh6 Rfe8 16. Bxg7 Kxg7 17. Nd4 Qd7 18. a4 Red8 19. Qg5 Qg4 20. Nf5+ Kf8 21. Qh6+ Ke8 22. f3 Ng8 23. Qe3 gxf5 24. fxg4 1-0


[Site "https://www.chess.com"]

[Event "Titled Tuesday Blitz August 16 Early 2022"]
[White "Gomez Ledo, Roberto Carlos"]
[Black "Siniauski, Artsiom"]
[WhiteFideId "3507076"]
[BlackFideId "13512269"]
[WhiteElo "2379"]
[BlackElo "2139"]
[Result "1-0"]
[Round "06"]
[TimeControl "180+2"]
[Date "2022.08.18"]
[WhiteClock "0:00:00"]
[BlackClock "0:00:00"]

1. d4 Nf6 2. Bf4 b6 3. e3 Bb7 4. a4 g6 5. h3 Bg7 6. Nf3 O-O 7. Nbd2 d6 8. c3 Nbd7 9. a5 bxa5 10. Rxa5 c5 11. Ra1 Re8 12. Bb5 e5 13. dxe5 dxe5 14. Bh2 e4 15. Ng1 Re6 16. Ne2 Nb6 17. O-O a6 18. Bc4 Re7 19. Ba2 Rd7 20. Qb3 Rxd2 21. Qxf7+ Kh8 22. Qxb7 Rxe2 23. Bc7 Qd2 24. Bxb6 Re8 25. Bxc5 Qxb2 26. Qxb2 Rxb2 27. Bd4 Rc8 28. c4 Rb7 29. c5 Nd7 30. Bxg7+ Kxg7 31. c6 Rxc6 32. Bd5 Rbc7 33. Bxc6 Rxc6 34. Rfc1 Rb6 35. Rc7 Rd6 36. Ra7 Kh6 37. R7xa6 Rd2 38. R6a2 Rd3 39. Ra3 Rd2 40. Rc3 Ne5 41. Ra4 Nd3 42. Rxe4 Rd1+ 43. Kh2 Nxf2 44. Rh4+ Kg5 45. Rf4 Rh1+ 46. Kg3 Nd1 47. Rc5+ Kh6 48. Rh4+ Kg7 49. Rc7+ Kf6 50. Rhxh7 Nxe3 51. Rcf7+ Ke5 52. Re7+ Kd4 53. Rh4+ Kd3 54. Rxe3+ Kxe3 55. Rg4 Ra1 56. Rxg6 Ke2 57. Kh4 Kf2 58. g4 Kg2 59. Rc6 Ra2 60. Rc3 Kh2 61. g5 Ra4+ 62. Kh5 Ra5 63. h4 1-0


[Site "https://www.chess.com"]

[Event "Titled Tuesday Blitz August 16 Early 2022"]
[White "Grot, Blazej"]
[Black "Simonovic, Miroslav"]
[WhiteFideId "21835845"]
[BlackFideId "919152"]
[WhiteElo "1614"]
[BlackElo "2043"]
[Result "1-0"]
[Round "06"]
[TimeControl "180+2"]
[Date "2022.08.18"]
[WhiteClock "0:00:00"]
[BlackClock "0:00:00"]

1. e4 c5 2. Nf3 Nc6 3. Bb5 g6 4. Bxc6 dxc6 5. O-O Bg7 6. d3 e5 7. Be3 b6 8. Nbd2 Ne7 9. a4 a5 10. Nc4 Qc7 11. b4 axb4 12. a5 b5 13. Nb6 Rxa5 14. Rxa5 Qxb6 15. Ra8 O-O 16. Qa1 Bb7 17. Rxf8+ Kxf8 18. Nxe5 Ke8 19. f4 h6 20. Qa2 b3 21. Qxb3 c4 22. Nxc4 Qc7 23. Nd2 Bc8 24. h3 Be6 25. Qa3 Qb7 26. Nb3 b4 27. Qa4 Bc3 28. Nc5 Qb6 29. Kf2 Bc8 30. Qa8 Qd8 31. Nb7 Qc7 32. Qxc8+ Qxc8 33. Nd6+ Kd7 34. Nxc8 Kxc8 35. Bc5 Kd7 36. Rb1 f5 37. Bxb4 Bd4+ 38. Kf3 fxe4+ 39. dxe4 c5 40. Bd2 Kc6 41. c3 Bf6 42. e5 Bh8 43. c4 Nf5 44. Be3 h5 45. g4 hxg4+ 46. hxg4 Nxe3 47. Kxe3 g5 48. Ke4 gxf4 49. Kxf4 Bg7 50. Kf5 Bf8 51. g5 Bg7 52. g6 Bf8 53. Rd1 Bg7 54. Ke6 Kb6 55. Kf7 Bxe5 56. g7 Bxg7 57. Kxg7 Ka5 58. Kf6 Kb4 59. Rc1 Kb3 60. Ke5 Kb2 61. Rh1 Kc3 62. Kd5 Kb4 63. Rb1+ Kc3 64. Kxc5 Kc2 65. Rh1 Kd3 1-0


[Site "https://www.chess.com"]

[Event "Titled Tuesday Blitz August 16 Early 2022"]
[White "Gubanov, Oleg"]
[Black "Fernandez Hernandez, Gerardo"]
[WhiteFideId "14115115"]
[BlackFideId "2207400"]
[WhiteElo "2258"]
[BlackElo "2169"]
[Result "1-0"]
[Round "06"]
[TimeControl "180+2"]
[Date "2022.08.18"]
[WhiteClock "0:00:00"]
[BlackClock "0:00:00"]

1. d4 Nf6 2. Nc3 e6 3. Bf4 d5 4. e3 Bd6 5. Nf3 O-O 6. Bd3 b6 7. Bg5 h6 8. Bh4 Ba6 9. O-O Bxd3 10. cxd3 Nbd7 11. e4 Be7 12. Rc1 a6 13. Bg3 Rc8 14. Qa4 Nb8 15. Ne5 Nh5 16. Nc6 Nxc6 17. Qxc6 Nxg3 18. hxg3 dxe4 19. dxe4 Qxd4 20. Rfd1 Qc5 21. Na4 Qxc6 22. Rxc6 b5 23. Nc3 Bd6 24. Rxa6 b4 25. Nb5 Be5 26. b3 c6 27. Na7 Ra8 28. Rd7 Rfb8 29. Rxc6 Kf8 30. Rc5 Bc3 31. Rcc7 1-0


[Site "https://www.chess.com"]

[Event "Titled Tuesday Blitz August 16 Early 2022"]
[White "Guz, Ari"]
[Black "Ziatdinov, Raset"]
[WhiteFideId "2825759"]
[BlackFideId "2015323"]
[WhiteElo "2308"]
[BlackElo "2066"]
[Result "1-0"]
[Round "06"]
[TimeControl "180+2"]
[Date "2022.08.18"]
[WhiteClock "0:00:00"]
[BlackClock "0:00:00"]

1. e4 e6 2. Qe2 c5 3. Nf3 Nc6 4. c3 Nge7 5. d4 cxd4 6. cxd4 d5 7. exd5 Nxd5 8. Nc3 Bb4 9. Bd2 Qf6 10. O-O-O Nxc3 11. bxc3 Ba3+ 12. Kb1 O-O 13. Qe4 Qd8 14. Ka1 Bd7 15. Bd3 f5 16. Qe2 Rc8 17. g4 Qa5 18. gxf5 exf5 19. Rhg1 Rce8 20. Bc4+ Kh8 21. Qd3 b5 22. Bb3 Qb6 23. Nh4 a5 24. Ng6+ hxg6 25. Qh3# 1-0


[Site "https://www.chess.com"]

[Event "Titled Tuesday Blitz August 16 Early 2022"]
[White "Hess, Robert"]
[Black "Dubov, Daniil"]
[WhiteFideId "2022036"]
[BlackFideId "24126055"]
[WhiteElo "2557"]
[BlackElo "2791"]
[Result "0-1"]
[Round "06"]
[TimeControl "180+1"]
[Date "2022.08.16"]
[WhiteClock "0:00:12"]
[BlackClock "0:01:05"]

1. e4 e5 2. Nf3 Nc6 3. Bb5 a6 4. Ba4 Nf6 5. Bxc6 dxc6 6. d3 Qd6 7. Nbd2 Be6 8. Ng5 O-O-O 9. Nxe6 Qxe6 10. Qf3 Nd7 11. Nc4 g6 12. h4 Bb4+ 13. Bd2 Bxd2+ 14. Nxd2 f5 15. h5 Kb8 16. Qh3 Nf6 17. Nb3 Nxh5 18. exf5 Qd5 19. fxg6 Nf4 20. Qh6 Nxg2+ 21. Kd2 hxg6 22. Qxh8 Rxh8 23. Rxh8+ Ka7 24. Rf8 e4 25. Re1 Nxe1 0-1


[Site "https://www.chess.com"]

[Event "Titled Tuesday Blitz August 16 Early 2022"]
[White "Horak, Martin"]
[Black "Qashashvili, Alexandre"]
[WhiteFideId "367095"]
[BlackFideId "13600842"]
[WhiteElo "2238"]
[BlackElo "2505"]
[Result "1-0"]
[Round "06"]
[TimeControl "180+2"]
[Date "2022.08.18"]
[WhiteClock "0:00:00"]
[BlackClock "0:00:00"]

1. d4 c6 2. e4 d5 3. Nc3 dxe4 4. Nxe4 Nd7 5. Nf3 Ngf6 6. Nxf6+ Nxf6 7. h3 Bf5 8. Bd3 Bxd3 9. Qxd3 e6 10. Bf4 Bd6 11. Bxd6 Qxd6 12. O-O O-O 13. Rad1 Rad8 14. Qc4 Qd5 15. Qb3 Qxb3 16. axb3 a6 17. b4 h6 18. Rfe1 Nd5 19. c3 Nb6 20. Ne5 Nd7 21. Nc4 Nf6 22. g3 Rd5 23. Kg2 Rfd8 24. f4 g6 25. Re5 Rxe5 26. fxe5 Nd5 27. Kf3 Kf8 28. Ke4 Rd7 29. Rf1 Kg7 30. Nd6 Nb6 31. c4 Kf8 32. b3 Rc7 33. g4 Nc8 34. h4 Nb6 35. h5 gxh5 36. gxh5 Rd7 37. Rf6 Kg7 38. Rf1 Re7 39. Rg1+ Kh7 40. Kd3 Rd7 41. Kc3 f5 42. Ne8 Rd8 43. Nf6+ Kh8 44. Rg6 Nd7 45. Rxh6+ Kg7 46. Rh7+ Kf8 47. Rxd7 Rxd7 48. Nxd7+ Ke7 49. Nf6 Kf7 50. h6 Kg6 51. h7 Kg7 52. Kd3 Kh8 53. Ke3 b5 54. Kf4 Kg7 55. Kg5 Kh8 56. Kg6 f4 57. Ng8 f3 58. Nh6 f2 59. Nf7# 1-0


[Site "https://www.chess.com"]

[Event "Titled Tuesday Blitz August 16 Early 2022"]
[White "Ibarra Jerez, Jose Carlos"]
[Black "Martinez Alcantara, Jose Eduardo"]
[WhiteFideId "2226332"]
[BlackFideId "3805662"]
[WhiteElo "2628"]
[BlackElo "2703"]
[Result "1/2-1/2"]
[Round "06"]
[TimeControl "180+1"]
[Date "2022.08.16"]
[WhiteClock "0:01:06"]
[BlackClock "0:01:22"]

1. e4 e5 2. Nf3 Nf6 3. Nxe5 d6 4. Nf3 Nxe4 5. Nc3 Nf6 6. d4 Be7 7. h3 O-O 8. Bd3 Nbd7 9. O-O Re8 10. Re1 Nf8 11. Ne2 Ng6 12. Ng3 Bd7 13. c4 c6 14. Qc2 Bf8 15. Bg5 Rxe1+ 16. Rxe1 Be7 17. Nf5 Bxf5 18. Bxf5 Qc7 19. g3 Nf8 20. Kg2 h6 21. Bd2 Re8 22. a4 Bd8 23. Rxe8 Nxe8 24. b3 Bf6 25. Qd3 g6 26. Be4 Bg7 27. Qc2 Qd7 28. d5 c5 29. Bf4 1/2-1/2


[Site "https://www.chess.com"]

[Event "Titled Tuesday Blitz August 16 Early 2022"]
[White "Issabayev, Dias"]
[Black "Borgaonkar Akshay"]
[WhiteFideId "13703110"]
[BlackFideId "25639110"]
[WhiteElo "2235"]
[BlackElo "2163"]
[Result "0-1"]
[Round "06"]
[TimeControl "180+2"]
[Date "2022.08.18"]
[WhiteClock "0:00:00"]
[BlackClock "0:00:00"]

1. e4 c5 2. Nf3 e6 3. d4 cxd4 4. Nxd4 Nc6 5. Nc3 Qc7 6. Qd3 Nxd4 7. Qxd4 a6 8. Be3 b5 9. O-O-O Bb7 10. f3 Rc8 11. a3 Nf6 12. g4 Bc5 13. Qxc5 Qxc5 14. Bxc5 Rxc5 15. Rd6 Ke7 16. Rb6 Rc7 17. Be2 Rhc8 18. Rd1 d5 19. g5 Nd7 20. exd5 exd5 21. Rxb7 Rxb7 22. Nxd5+ Kf8 23. f4 Nb6 24. Nb4 a5 25. Nd5 Nxd5 26. Rxd5 b4 27. a4 Rbc7 28. Bd3 Rc5 29. Rd7 R8c7 30. Rd8+ Ke7 31. Rh8 Rd5 32. Kd2 b3 0-1


[Site "https://www.chess.com"]

[Event "Titled Tuesday Blitz August 16 Early 2022"]
[White "Kambrath, Yannick"]
[Black "Demchenko, Anton"]
[WhiteFideId "20632525"]
[BlackFideId "4160258"]
[WhiteElo "2236"]
[BlackElo "2539"]
[Result "1-0"]
[Round "06"]
[TimeControl "180+1"]
[Date "2022.08.16"]
[WhiteClock "0:00:14"]
[BlackClock "0:00:06"]

1. e4 e5 2. Nf3 Nc6 3. Bc4 Nf6 4. d3 Be7 5. O-O O-O 6. a4 d6 7. a5 a6 8. c3 Kh8 9. Qb3 Qe8 10. Re1 Ng8 11. d4 Bg4 12. Nbd2 Rb8 13. h3 Bh5 14. g4 Bg6 15. Nf1 f6 16. Ng3 Bf7 17. Bxf7 Rxf7 18. d5 Nd8 19. h4 Qd7 20. Nf5 g6 21. Ne3 Bf8 22. Qa4 Qc8 23. Kh2 Bh6 24. Rg1 Bf4+ 25. Kh1 c6 26. c4 Ne7 27. Bd2 c5 28. b4 f5 29. gxf5 gxf5 30. Qe8+ 1-0


[Site "https://www.chess.com"]

[Event "Titled Tuesday Blitz August 16 Early 2022"]
[White "Karaev, Seit-Amet"]
[Black "Costachi, Mihnea"]
[WhiteFideId "4169549"]
[BlackFideId "1217518"]
[WhiteElo "2272"]
[BlackElo "2437"]
[Result "1-0"]
[Round "06"]
[TimeControl "180+2"]
[Date "2022.08.18"]
[WhiteClock "0:00:00"]
[BlackClock "0:00:00"]

1. e4 c5 2. Nf3 d6 3. d4 cxd4 4. Nxd4 Nf6 5. Nc3 g6 6. f3 Bg7 7. Be3 O-O 8. Qd2 a6 9. O-O-O b5 10. h4 Nbd7 11. h5 Nxh5 12. g4 Nhf6 13. Bh6 b4 14. Nd5 Bb7 15. Bxg7 Kxg7 16. Qh6+ Kg8 17. g5 Bxd5 18. gxf6 Nxf6 19. exd5 Qc8 20. Nc6 Re8 21. Bc4 Qf5 22. Kb1 Rac8 23. Bxa6 Rc7 24. Bc4 e6 25. Bb3 exd5 26. Nxb4 Rc5 27. Nxd5 Nxd5 28. Qxh7+ Kf8 29. Qh8+ Ke7 30. Rhe1+ Ne3 31. Rxe3+ Re5 32. Rxe5+ dxe5 33. Qh4+ Kf8 34. Qh6+ Ke7 35. Qe3 Kf8 36. Qe4 Qf6 37. a4 Qe7 38. Qd5 Kg7 39. Re1 Qf6 40. Qe4 Qd6 41. Qb7 Re7 42. Qd5 Qf6 43. a5 g5 44. Rg1 Qf4 45. Qe4 Qf6 46. Bc4 Rd7 47. Bd3 Rd4 48. Qh7+ Kf8 49. Rh1 Ke7 50. Qh6 Qf4 51. Rg1 f6 52. Qg7+ Ke6 53. Qb7 Rb4 54. Qc8+ Ke7 55. Rh1 Kd6 56. Qd8+ Kc5 57. Qc7+ Kd4 58. Rd1 Ke3 59. Qc5+ Qd4 60. Qxd4+ exd4 61. a6 Kxf3 62. a7 Ra4 63. Re1 Rxa7 64. Re4 f5 65. Rxd4 f4 66. b4 g4 67. Rd8 g3 68. Rg8 Kf2 69. Be4 Re7 70. Bd5 Re5 71. c4 Re2 72. Rf8 Re1+ 73. Kc2 Ke3 74. Re8+ Kf2 75. Rf8 Ke3 76. b5 Re2+ 77. Kc3 g2 78. Rg8 f3 79. Bxf3 Kxf3 80. b6 Kf2 81. Rxg2+ Kxg2 82. c5 Re4 83. b7 Re8 84. c6 Re6 85. b8=Q Rxc6+ 86. Kd4 Rg6 87. Qe8 Rg4+ 88. Ke3 Rg3+ 89. Ke2 Rg4 90. Qe6 Rg3 91. Qe4+ Kh3 92. Kf2 Rg5 93. Qf4 Rg6 94. Qf5+ Rg4 95. Kf3 Kh2 96. Qxg4 Kh1 97. Qg2# 1-0


[Site "https://www.chess.com"]

[Event "Titled Tuesday Blitz August 16 Early 2022"]
[White "Kavyev, Ruslan"]
[Black "Nathan, Nitish"]
[WhiteFideId "34110981"]
[BlackFideId "30927870"]
[WhiteElo "2253"]
[BlackElo "1813"]
[Result "0-1"]
[Round "06"]
[TimeControl "180+2"]
[Date "2022.08.18"]
[WhiteClock "0:00:00"]
[BlackClock "0:00:00"]

1. d4 d5 2. c4 c6 3. g3 Nf6 4. Nf3 dxc4 5. Bg2 Nbd7 6. O-O Nb6 7. Qc2 g6 8. Na3 Bg7 9. Nxc4 Bf5 10. Qc3 Ne4 11. Qb4 Nxc4 12. Qxc4 Nd6 13. Qa4 O-O 14. b3 a5 15. Qa3 Nb5 16. Qc5 Nxd4 17. Bg5 Ne6 18. Qxe7 Nxg5 19. Qxg5 Qxg5 20. Nxg5 Bxa1 21. Rxa1 Rad8 22. e4 Bc8 23. e5 Bf5 24. h3 h5 25. a3 Rfe8 26. Re1 Rd3 27. b4 Rxa3 28. bxa5 Rxa5 29. f3 Raxe5 30. Rd1 Re1+ 31. Rxe1 Rxe1+ 32. Kf2 Rc1 33. g4 hxg4 34. hxg4 Be6 35. Ne4 b5 36. f4 b4 37. Nd2 b3 38. Be4 b2 39. f5 Ba2 40. fxg6 fxg6 41. Bxg6 b1=Q 42. Bxb1 Bxb1 43. Ke3 Bg6 44. Nf3 Rc3+ 45. Kf2 Rxf3+ 46. Kxf3 Bf7 47. Ke3 Bd5 48. Kd4 Kg7 49. Kc5 Kg6 50. Kd4 Kg5 51. Ke5 Kxg4 52. Kd4 Kf3 53. Kc5 Ke4 54. Kb4 Kd4 0-1


[Site "https://www.chess.com"]

[Event "Titled Tuesday Blitz August 16 Early 2022"]
[White "Khusenkhojaev, Muhammad"]
[Black "Filippova, Margarita"]
[WhiteFideId "14700247"]
[BlackFideId "34199680"]
[WhiteElo "2397"]
[BlackElo "2069"]
[Result "1-0"]
[Round "06"]
[TimeControl "180+2"]
[Date "2022.08.18"]
[WhiteClock "0:00:00"]
[BlackClock "0:00:00"]

1. b3 Nf6 2. Bb2 d5 3. Nf3 c5 4. e3 Nc6 5. Bb5 Qb6 6. a4 a6 7. a5 Qc7 8. Bxc6+ Qxc6 9. O-O Bg4 10. Nc3 e6 11. Na4 Be7 12. Nb6 Rd8 13. h3 Bh5 14. Ra4 O-O 15. Rh4 Bg6 16. Ne5 Qc7 17. Nxg6 fxg6 18. Ra4 e5 19. d3 d4 20. e4 Kh8 21. Rc4 Qb8 22. Ba3 Nd7 23. Nxd7 Rxd7 24. Bxc5 Bxc5 25. Rxc5 Qd6 26. Rd5 Qc6 27. Rxd7 Qxd7 28. Qd2 Rc8 29. Rb1 Qc7 30. Rb2 Qc5 31. b4 Qb5 32. Qg5 Qa4 33. Kh2 Qa3 34. Rb3 Qa2 35. Qxe5 Qxc2 36. Qe6 Qc7+ 37. e5 Rd8 38. b5 axb5 39. Rxb5 h6 40. Qxg6 Rf8 41. Qd6 Qc8 42. Qxd4 Rd8 43. Rd5 Re8 44. Rd7 Qb8 45. f4 Qc8 46. e6 1-0


[Site "https://www.chess.com"]

[Event "Titled Tuesday Blitz August 16 Early 2022"]
[White "Kiseljova, Marya"]
[Black "Shukhman, Anna"]
[WhiteFideId "4155009"]
[BlackFideId "54180058"]
[WhiteElo "1697"]
[BlackElo "1726"]
[Result "0-1"]
[Round "06"]
[TimeControl "180+2"]
[Date "2022.08.18"]
[WhiteClock "0:00:00"]
[BlackClock "0:00:00"]

1. d4 Nf6 2. c4 g6 3. Nc3 d5 4. cxd5 Nxd5 5. Bd2 Nb6 6. Nf3 Nc6 7. e3 Bg7 8. Bb5 O-O 9. O-O e5 10. Bxc6 bxc6 11. Nxe5 Bxe5 12. dxe5 Ba6 13. Re1 Nc4 14. Bc1 Nxe5 15. Qa4 Bd3 16. f4 Ng4 17. g3 f5 18. Qxc6 Qe7 19. Nd5 Qe4 20. Bd2 Rad8 21. Nb4 Rd6 22. Qxe4 Bxe4 23. Bc3 Rfd8 24. a4 c5 25. Na2 Rd3 26. Nc1 Rxe3 27. Rxe3 Nxe3 28. Ne2 Nc2 29. Rc1 Nb4 30. Bxb4 cxb4 31. Nd4 Rxd4 32. Rc8+ Kf7 33. Rc7+ Ke6 34. Rxa7 Rd1+ 35. Kf2 Rd2+ 36. Ke3 Rxb2 37. Rxh7 Rb3+ 38. Kd4 Rd3+ 39. Kc5 b3 40. Rh6 Kf6 41. Rh8 b2 42. Rb8 Rd2 43. Rb6+ Kg7 44. a5 b1=Q 45. Rxb1 Bxb1 46. a6 Be4 47. Kb6 Rxh2 48. a7 Rg2 49. Kc7 Rxg3 50. Kb8 Rb3+ 51. Kc7 Ra3 52. Kb8 g5 53. Kc7 Rxa7+ 54. Kb8 Ra1 0-1


[Site "https://www.chess.com"]

[Event "Titled Tuesday Blitz August 16 Early 2022"]
[White "Kohler, Aran"]
[Black "Winkels, Marcel"]
[WhiteFideId "1002856"]
[BlackFideId "1003887"]
[WhiteElo "2060"]
[BlackElo "1900"]
[Result "1-0"]
[Round "06"]
[TimeControl "180+2"]
[Date "2022.08.18"]
[WhiteClock "0:00:00"]
[BlackClock "0:00:00"]

1. Nf3 Nf6 2. d4 g6 3. Bg5 Bg7 4. Nbd2 d6 5. e3 O-O 6. Bd3 c5 7. c3 Nc6 8. h4 h5 9. Qb3 Qb6 10. Nc4 Qxb3 11. axb3 cxd4 12. exd4 b5 13. Nb6 Rb8 14. Nxc8 Rfxc8 15. b4 e5 16. dxe5 dxe5 17. Nd2 e4 18. Bxf6 exd3 19. Bxg7 Kxg7 20. O-O Re8 21. Rfd1 Rbd8 22. Ra6 Re6 23. Kf1 Rd7 24. Nb3 Ne5 25. Nc5 Rxa6 26. Nxa6 Nc4 27. b3 Ne5 28. Nc5 Rd5 29. Rd2 f6 30. f4 Ng4 31. Rxd3 Rxd3 32. Nxd3 Ne3+ 33. Ke2 Nf5 34. c4 bxc4 35. bxc4 Nxh4 36. g3 Nf5 37. c5 Kf7 38. Kf3 Ke6 39. b5 Kd5 40. c6 Kd6 41. g4 hxg4+ 42. Kxg4 Nd4 43. Nb4 Nxb5 44. f5 g5 45. Kh5 a5 46. Nd3 Kxc6 47. Kg6 a4 48. Kxf6 Nd4 49. Kxg5 a3 50. f6 a2 51. Nb4+ Kd6 52. Nxa2 Ne6+ 53. Kg6 Ke5 54. f7 Kd6 55. Nc3 Ke7 56. Ne4 Nf8+ 57. Kg7 Ne6+ 58. Kg8 Nf8 59. Ng5 Ne6 60. Nxe6 1-0


[Site "https://www.chess.com"]